Map: Romanticide LE

Players

Reynor - Winner!

  • Race: Zerg Zerg
  • Spawn Location: 11:00

Stats

  • Race: Protoss Protoss
  • Spawn Location: 5:00

Event: ASUS ROG Online 2020

VOD

Have the link to the VOD?

Description

Time

  • Played on: Nov. 27, 2020, 5:40 p.m.
  • Length: 3:20

All games in this series

Show
View Real Time Build Order
Export as new Build Order

Reynor Zerg - Winner!

Build Orders: Pool First 

Get SALT Encoding   

  12  0:00  Drone  
  13  0:12  Overlord  
  13  0:17  Drone  
  14  0:31  Drone x2  
  14  0:34  Drone  
  17  0:42  Extractor  
  16  0:44  Drone  
  17  0:51  Spawning Pool  
  17  0:56  Drone  
  17  1:06  Drone  
  18  1:23  Hatchery  
  17  1:41  Zergling x6  
  17  1:43  Metabolic Boost  
  20  1:51  Queen  
  22  1:58  Overlord  
  22  2:16  Drone  
  22  2:17  Drone  
  24  2:25  Zergling x2  
  25  2:34  Queen  
  25  2:35  Zergling x2  
  25  2:36  Spine Crawler  
  27  2:40  Zergling x2  
  27  2:46  Zergling x4  
  29  2:53  Spine Crawler  
  29  2:57  Zergling x4  
Show
View Real Time Build Order
Export as new Build Order

Stats Protoss 

Build Orders: 1 Gate Expand 

Get SALT Encoding   

  12  0:00  Probe  
  13  0:13  Pylon  
  13  0:18  Probe (Chrono Boost)  
  14  0:27  Probe (Chrono Boost)  
  15  0:32  Probe  
  16  0:41  Gateway  
  16  0:44  Probe  
  16  0:47  Assimilator  
  17  0:56  Probe  
  18  1:08  Probe  
  19  1:20  Probe  
  20  1:30  Cybernetics Core  
  20  1:34  Nexus  
  20  1:40  Zealot  
  22  1:47  Pylon  
  22  1:51  Probe  
  23  1:55  Assimilator  
  23  2:05  Adept (Chrono Boost), Probe  
  25  2:17  Probe  
  26  2:28  Stargate  
  26  2:29  Adept (Chrono Boost)  
  27  2:30  Probe  
  29  2:42  Probe  
  30  2:47  Probe  
  31  2:52  Shield Battery  
  31  2:53  Stalker (Chrono Boost)  
  31  2:54  Probe  
  34  3:02  Shield Battery  
Tags
 
Add a new tag
Caveats
  • Supply blocks, unpowered buildings, or Contaminate may cause inaccurate times.
  • Supply counts are checked every 10 seconds.